 Dungeon Crawl Stone Soup version 0.24-a0-140-gcaa6c10 (webtiles) character file.

Game seed: 8510727820021552717

12583 galech the Cleaver (level 11, 0/84 HPs)
             Began as a Demonspawn Fighter on Mar 4, 2019.
             Was a High Priest of Okawaru.
             Slain by a two-headed ogre
             ... wielding a +0 dire flail
              (6 damage)
             ... on level 1 of the Orcish Mines.
             The game lasted 00:17:18 (11216 turns).

galech the Cleaver (Demonspawn Fighter)            Turns: 11216, Time: 00:17:19

Health: 0/84       AC: 14    Str: 17    XL:     11   Next: 64%
Magic:  0/21       EV: 11    Int: 10    God:    Okawaru [*****.]
Gold:   1107       SH:  6    Dex: 15    Spells: 10/10 levels left

rFire    . . .     SeeInvis .   T - +11 plutonium sword {*Contam Stlth-}
rCold    . . .     Gourm    .   (shield currently unavailable)
rNeg     . . .     Faith    .   P - +2 scale mail {MR+}
rPois    +         Spirit   +   (helmet unavailable)
rElec    .         Reflect  .   d - +0 cloak {rPois}
rCorr    .         Harm     .   Q - +0 pair of gloves (curse)
MR       ++...                  z - +0 pair of boots
Stlth    ..........             j - amulet of guardian spirit
HPRegen  0.24/turn              l - ring of protection from magic
MPRegen  0.17/turn              v - ring of magical power

@: no status effects
A: horns 3, large bone plates 2, spiny 2
a: Heroism, Finesse, Renounce Religion


You were on level 1 of the Orcish Mines.
You worshipped Okawaru.
Okawaru was extremely pleased with you.
You were not hungry.

You visited 3 branches of the dungeon, and saw 13 of its levels.

You collected 1107 gold pieces.

Inventory:

Hand Weapons
 a - a +0 war axe
 M - a +0 hand axe of chopping
 T - the +11 plutonium sword (weapon) {*Contam Stlth-}
   (You found it on level 10 of the Dungeon)

   It causes magical contamination when unequipped.
   It makes you less stealthy.
Armour
 c - a +0 shield
 d - a +0 cloak of poison resistance (worn)
 z - a +0 pair of boots (worn)
 F - a +0 cloak
 N - a +0 ring mail of fire resistance
 P - a +2 scale mail of magic resistance (worn)
 Q - a cursed +0 pair of gloves (worn)
Jewellery
 j - an amulet of guardian spirit (around neck)
 l - a ring of protection from magic (left hand)
 v - a ring of magical power (right hand)
 w - an uncursed amulet of magic regeneration
 D - an uncursed ring of poison resistance
 H - an uncursed amulet of regeneration
 J - an uncursed ring of ice
Wands
 B - a wand of disintegration (9)
 C - a wand of digging (7)
 I - a wand of clouds (3)
Scrolls
 b - 2 scrolls of magic mapping
 k - 2 scrolls of enchant weapon
 m - 5 scrolls of remove curse
 p - 7 scrolls of teleportation
 q - 2 scrolls of random uselessness
 s - a scroll of fog
 t - 3 scrolls of amnesia
 u - a scroll of enchant armour
 E - a scroll of summoning
 G - 6 scrolls of identify
 L - a scroll of torment
 S - a scroll of silence {unknown}
Potions
 e - 4 potions of heal wounds {unknown}
 g - a potion of mutation {unknown}
 h - a potion of might
 i - a potion of flight {unknown}
 n - 5 potions of lignification {unknown}
 o - 5 potions of curing
 r - a potion of brilliance {unknown}
 x - a potion of ambrosia {unknown}
 A - 2 potions of magic {unknown}
 K - a potion of resistance {unknown}
 O - a potion of degeneration {unknown}
Comestibles
 f - 19 rations
 R - 10 chunks of flesh


   Skills:
 + Level 7.4 Fighting
 + Level 6.1 Long Blades
 + Level 9.8 Axes
 + Level 7.9 Armour
 + Level 3.3 Dodging
 + Level 2.0 Stealth
 + Level 7.9 Shields
 + Level 1.9 Invocations


You had 10 spell levels left.
You didn't know any spells.
Your spell library contained the following spells:

 Spells                   Type           Power        Failure   Level  Hunger
 Confusing Touch          Hex            #.....       73%         1    ##.....
 Flame Tongue             Conj/Fire      #....        73%         1    ##.....
 Freeze                   Ice            #...         73%         1    ##.....
 Pain                     Necr           #...         73%         1    ##.....
 Sting                    Conj/Pois      #...         73%         1    ##.....


Dungeon Overview and Level Annotations

Branches:
Dungeon (10/15)            Temple (1/1) D:7             Orc (2/2) D:9
   Lair: D:8-11         Elf: Orc:2

Altars:
Ashenzari
Cheibriados
Dithmenos
Elyvilon
Fedhas
Gozag
Hepliaklqana
Nemelex Xobeh
Okawaru
Ru
Trog
Vehumet
Wu Jian
Xom
Yredelemnul
Zin

Shops:
D:5 (   D:7 (   D:8 (   D:9 [}   Orc:2 ?

Annotations:
Orc:1 Snorg
Orc:2 Nessos, Saint Roka


Innate Abilities, Weirdness & Mutations

You have a pair of large horns on your head.
You are mostly covered in large bone plates. (SH +6)
You are mostly covered in sharp spines.


Message History

The ogre closely misses you.
You climb upwards.
There is a stone staircase leading down, spattered with blood here.
You can't go up here!
Unknown command.
Snorg goes berserk!
The two-headed ogre barely misses you. The two-headed ogre misses you.
The two-headed ogre is struck by your spines.
The two-headed ogre hits you with a +0 dire flail!
The two-headed ogre hits you with a +0 giant club!!
* * * LOW HITPOINT WARNING * * *
Unknown command.
Snorg rages.
The warg bites you but does no damage. Snorg is struck by your spines.
Snorg misses you. Snorg claws you!
* * * LOW HITPOINT WARNING * * *
Snorg claws you!
* * * LOW HITPOINT WARNING * * *
The two-headed ogre hits you with a +0 dire flail!
You die...

.........# ###### ##.##
......#.####.##.## #...#
...#.....#.......# #######.##
....#........##.####.#.###.##
........)[)###...#...(..#...#
....##.......##.#......#.#.##
.....#####............#.[...##
.....###.#.............#)#...###
#.#...#.........@......##......##
####...#.......ThO....#.........#
###.....#.....................##
##..............OO.............##
.........#.......>..........#....
...###.#........)))......#..#....
.####........).......##......#.#.
## ##................#..#.......
#....................#.......


You could see Snorg (berserk), 2 two-headed ogres, a warg and an ogre.

Vanquished Creatures
  Harold (D:8)
  4 two-headed ogres (Orc:1)
  An orc high priest (Orc:1)
  Pikel (D:5)
  Joseph (D:7)
  Maurice (D:9)
  A gargoyle (D:10)
  3 trolls
  Sigmund (D:2)
  2 wargs (Orc:1)
  An ice beast (D:6)
  17 orc warriors
  2 sky beasts
  A necrophage (D:3)
  14 ogres
  3 phantoms
  A centaur (D:7)
  3 big kobolds
  A bullfrog (D:8)
  A gnoll sergeant (D:8)
  A water moccasin zombie (D:10)
  A wyvern skeleton (D:8)
  5 scorpions
  3 howler monkeys (D:7)
  8 crimson imps
  A centaur zombie (D:9)
  12 orc priests
  4 jellies
  A centaur skeleton (D:4)
  3 hounds
  Natasha (thrice) (D:2)
  2 iguanas
  16 orc wizards
  6 worker ants
  A hound skeleton (D:9)
  11 gnolls
  9 adders
  A shadow imp (D:8)
  8 oozes (D:3)
  A worm (D:2)
  2 adder skeletons
  3 dart slugs
  2 leopard geckos
  54 orcs
  4 giant cockroaches
  9 goblins
  12 hobgoblins
  13 jackals
  5 quokkas
  A ball python (D:1)
  9 bats
  4 frilled lizards
  A giant cockroach zombie (D:5)
  28 kobolds
  A leopard gecko skeleton (D:8)
  A quokka zombie (D:7)
  7 rats
313 creatures vanquished.

Vanquished Creatures (others)
  An ice beast (D:5)
  A slave (D:5)
  A bullfrog skeleton (D:5)
  A fungus (D:3)
  6 toadstools (D:3)
10 creatures vanquished.

Grand Total: 323 creatures vanquished

Notes
Turn   | Place    | Note
-------+----------+-------------------------------------------
     0 | D:1      | galech the Demonspawn Fighter began the quest for the Orb.
     0 | D:1      | Reached XP level 1. HP: 18/18 MP: 1/1
   151 | D:1      | Gained mutation: You have a pair of small horns on your
                  | head. [demonic ancestry]
   151 | D:1      | Reached XP level 2. HP: 22/24 MP: 0/2
   215 | D:1      | Reached skill level 2 in Axes
  1048 | D:2      | Noticed Sigmund
  1053 | D:2      | Gained mutation: You have a pair of horns on your head.
                  | [demonic ancestry]
  1053 | D:2      | Reached XP level 3. HP: 23/29 MP: 3/3
  1119 | D:2      | Killed Sigmund
  1119 | D:2      | Reached skill level 3 in Axes
  1119 | D:2      | Gained mutation: You have a pair of large horns on your
                  | head. [demonic ancestry]
  1119 | D:2      | Reached XP level 4. HP: 32/35 MP: 2/4
  1119 | D:2      | Gained mutation: You are partially covered in sharp spines.
                  | [demonic ancestry]
  1119 | D:2      | Reached XP level 5. HP: 37/41 MP: 2/5
  1338 | D:2      | Noticed Natasha
  1341 | D:2      | Killed Natasha
  1478 | D:2      | Noticed Natasha
  1493 | D:2      | Killed Natasha
  1493 | D:2      | Reached skill level 1 in Dodging
  1914 | D:2      | Noticed Natasha
  1918 | D:2      | Killed Natasha
  1918 | D:2      | Reached XP level 6. HP: 35/47 MP: 4/6
  2019 | D:2      | Found a blossoming altar of Fedhas.
  2260 | D:3      | Reached skill level 4 in Axes
  2874 | D:3      | Gained mutation: You are mostly covered in sharp spines.
                  | [demonic ancestry]
  2874 | D:3      | Reached XP level 7. HP: 41/54 MP: 7/7
  3542 | D:4      | Found a shattered altar of Ashenzari.
  3751 | D:4      | Reached skill level 5 in Axes
  4178 | D:5      | Entered Level 5 of the Dungeon
  4277 | D:5      | Noticed Pikel
  4281 | D:5      | Found a shadowy altar of Dithmenos.
  4301 | D:5      | Killed Pikel
  4301 | D:5      | Reached skill level 6 in Axes
  4301 | D:5      | Reached skill level 1 in Stealth
  4301 | D:5      | Gained mutation: You are partially covered in large bone
                  | plates. (SH +4) [demonic ancestry]
  4301 | D:5      | Reached XP level 8. HP: 44/61 MP: 8/8
  4351 | D:5      | Reached skill level 5 in Armour
  4557 | D:5      | Found Cuow's Weapon Boutique.
  4957 | D:6      | Found a basalt altar of Yredelemnul.
  5087 | D:6      | Reached skill level 5 in Fighting
  5087 | D:6      | Reached skill level 5 in Shields
  5801 | D:7      | Reached skill level 7 in Axes
  5840 | D:7      | Noticed Joseph
  5841 | D:7      | Found a staircase to the Ecumenical Temple.
  5875 | D:7      | Killed Joseph
  5875 | D:7      | Reached XP level 9. HP: 53/68 MP: 9/9
  5958 | Temple   | Entered the Ecumenical Temple
  5991 | Temple   | Became a worshipper of Warmaster Okawaru
  6028 | D:7      | Found Aczuihumn's Antique Weapon Shoppe.
  6080 | D:7      | Found a shimmering altar of Xom.
  6097 | D:7      | Found Guriamatal's Antique Weapon Boutique.
  6218 | D:7      | Reached * piety under Okawaru
  6415 | D:8      | Reached skill level 8 in Axes
  6550 | D:8      | Identified A Beginning Course on Theurgy
  6552 | D:8      | Noticed Harold
  6569 | D:8      | Killed Harold
  6569 | D:8      | Reached ** piety under Okawaru
  6569 | D:8      | Gained mutation: You are mostly covered in large bone
                  | plates. (SH +6) [demonic ancestry]
  6569 | D:8      | Reached XP level 10. HP: 34/76 MP: 10/10
  6670 | D:8      | Found Cehopp's Antique Weapon Shoppe.
  6770 | D:8      | Found a sparkling altar of Nemelex Xobeh.
  6819 | D:8      | Found a sacrificial altar of Ru.
  7119 | D:9      | Reached skill level 9 in Axes
  7275 | D:9      | Found Otip's Gadget Shoppe.
  7310 | D:9      | Found a staircase to the Orcish Mines.
  7312 | D:9      | Found Vanoc's Armour Shop.
  7412 | D:9      | Noticed Maurice
  7415 | D:9      | Reached *** piety under Okawaru
  7488 | D:9      | Killed Maurice
  7551 | D:9      | Found a glowing silver altar of Zin.
  7807 | D:10     | Entered Level 10 of the Dungeon
  7952 | D:10     | Noticed a gargoyle
  7994 | D:10     | Killed a gargoyle
  8201 | D:10     | Reached skill level 1 in Invocations
  8402 | D:10     | Found the +11 plutonium sword {*Contam Stlth-}
  8682 | Orc:1    | Entered Level 1 of the Orcish Mines
  8697 | Orc:1    | Reached skill level 1 in Long Blades
  8734 | Orc:1    | Noticed an orc high priest
  8752 | D:9      | Reached **** piety under Okawaru
  8993 | Orc:1    | Killed an orc high priest
  8997 | Orc:1    | Reached XP level 11. HP: 34/83 MP: 8/11
  9960 | Orc:2    | Entered Level 2 of the Orcish Mines
  9960 | Orc:2    | Noticed Saint Roka
  9961 | Orc:2    | Noticed an orc sorcerer
  9962 | Orc:2    | Noticed an orc knight
  9964 | Orc:2    | Noticed Nessos
  9967 | Orc:1    | Reached ***** piety under Okawaru
 10143 | Orc:2    | Noticed an orc sorcerer
 10143 | Orc:2    | Noticed an orc sorcerer
 10145 | Orc:2    | Noticed a soul eater
 10145 | Orc:2    | Noticed a sixfirhy
 10480 | Orc:2    | Found Xuizir's Magic Scroll Shoppe.
 10480 | Orc:2    | Noticed a two-headed ogre
 10485 | Orc:2    | Noticed a two-headed ogre
 10485 | Orc:2    | Noticed a two-headed ogre
 10485 | Orc:2    | Noticed an ogre mage
 10486 | Orc:2    | Noticed a deep troll
 10487 | Orc:2    | Noticed a two-headed ogre
 10494 | Orc:1    | Killed a two-headed ogre
 10686 | Orc:2    | Noticed a two-headed ogre
 10687 | Orc:2    | Noticed a two-headed ogre
 10983 | Orc:1    | Killed a two-headed ogre
 10983 | Orc:1    | Reached skill level 5 in Long Blades
 10987 | Orc:1    | Killed a two-headed ogre
 11050 | Orc:2    | Noticed Snorg
 11051 | Orc:2    | Noticed a two-headed ogre
 11055 | Orc:1    | Killed a two-headed ogre
 11216 | Orc:1    | Slain by a two-headed ogre

Levels and vault maps discovered:
D:1:      dpeg_arrival_renting, layout_basic
D:2:      layout_basic, fedhas_altar_4, uniq_natasha, uniq_sigmund
D:3:      cheibrodos_fertilizer, layout_loops_corners, first_ration,
          corexii_leaking_fountain
D:4:      layout_loops_ring, evilmike_ruin_ashenzari
D:5:      layout_loops_ring, nicolae_dithmenos_shadow_blocks, serial_shops,
          kennysheep_little_box, bh_walls_and_bars, uniq_pikel
D:6:      layout_layer_cave, basic_altar
D:7:      lemuel_ice_spiral_2, layout_basic, minmay_temple_entry_wispy,
          serial_shops, shop, shop, basic_altar, grunt_ogre_cave, uniq_joseph
D:8:      layout_basic, nemelex_altar_shiori, nicolae_ru_the_path_less_chosen,
          serial_shops, nicolae_shop_overgrown_old_shop, uniq_harold
D:9:      layout_cave_pools, old_standard_altar, orc_david_3, serial_shops,
          kennysheep_mini, uniq_maurice
D:10:     layout_small_grid
Temple:   eino_temple_scatter_basement
Orc:1:    layout_caves, mines2_lemuel
Orc:2:    st_orc_open, layout_caves, uniq_snorg, uniq_saint_roka, uniq_nessos

Skill      XL: |  1  2  3  4  5  6  7  8  9 10 11 |
---------------+----------------------------------+-----
Axes           | 2 3 4 6 7 8 9 |  9.8
Shields        | 3 4 5 7 |  7.9
Armour         | 3 4 5 6 7 |  7.9
Dodging        | 1 2 3 |  3.3
Fighting       | 4 5 6 7 |  7.4
Stealth        | 1 2 |  2.0
Invocations    | 1 |  1.9
Long Blades    | 2 6 |  6.1

Action                   |  1- 3 |  4- 6 |  7- 9 | 10-12 || total
-------------------------+-------+-------+-------+-------++-------
Melee: War axe           |    75 |   120 |   298 |   185 ||   678
       Headbutt          |     9 |    23 |    72 |    61 ||   165
       Triple sword      |       |       |       |    99 ||    99
Invok: Heroism           |       |       |     1 |     7 ||     8
  Use: Potion            |     1 |       |       |       ||     1
       Scroll            |       |       |    10 |     5 ||    15
  Eat: Chunk             |       |     7 |    11 |    16 ||    34
Armor: Scale mail        |    40 |       |       |    80 ||   120
       Chain mail        |       |    46 |   120 |       ||   166
Dodge: Dodged            |    21 |    26 |    46 |   112 ||   205
Block: Shield            |    38 |    72 |   183 |   118 ||   411
       Other             |       |       |       |    64 ||    64
       Rpst.: Triple sword |       |       |       |    20 ||    20

Table legend:
 A = Non-vault XP
 B = Vault XP
 C = Vault XP percentage of total XP
 D = Non-vault monster count
 E = Vault monster count
 F = Vault count percentage of total count
                 A         B        C        D         E       F
            +---------+---------+-------+---------+---------+-------
      Total |    9279 |    8698 |  48.4 |     268 |      46 |  14.6
            +---------+---------+-------+---------+---------+-------
        D:1 |      36 |       0 |   0.0 |      22 |       0 |   0.0
        D:2 |     116 |     241 |  67.5 |      20 |       2 |   9.1
        D:3 |     411 |     150 |  26.7 |      34 |      19 |  35.8
        D:4 |      98 |       0 |   0.0 |       7 |       0 |   0.0
        D:5 |     293 |     629 |  68.2 |       8 |       1 |  11.1
        D:6 |     540 |       0 |   0.0 |      18 |       0 |   0.0
        D:7 |    1160 |     584 |  33.5 |      34 |       2 |   5.6
        D:8 |    1096 |    1007 |  47.9 |      37 |       1 |   2.6
        D:9 |    1166 |     718 |  38.1 |      28 |       4 |  12.5
       D:10 |    1166 |       0 |   0.0 |      20 |       0 |   0.0
      Orc:1 |    3197 |    5369 |  62.7 |      40 |      17 |  29.8
            +---------+---------+-------+---------+---------+-------
